 Dungeon Crawl Stone Soup version 0.17.0-17-ge4ba49f (webtiles) character file.

52556 Kramin the Bludgeoner (level 14, -10/92 HPs)
             Began as a Tengu Arcane Marksman on Nov 11, 2015.
             Was the Champion of Okawaru.
             Mangled by a spriggan rider
             ... wielding a +0 spear
              (13 damage)
             ... on level 7 of the Lair of Beasts.
             The game lasted 01:25:29 (28768 turns).

Kramin the Bludgeoner (Tengu Arcane Marksman)      Turns: 28768, Time: 01:25:29

Health: -10/92     AC: 25    Str: 11    XL:     14   Next: 64%
Magic:  14/16      EV: 20    Int: 23    God:    Okawaru [******]
Gold:   1134       SH:  7    Dex: 25    Spells: 1 memorised, 9 levels left

rFire  . . .     SeeInvis .     a - +4 flail (freeze)
rCold  . . .     Clarity  +     h - +6 chain mail of Libbis {Regen+ Dex+7}
rNeg   . . .     SustAt   .     U - +0 buckler
rPois  .         Gourm    .     O - +2 hat
rElec  .         Spirit   .     r - +0 cloak
rCorr  .         Warding  .     c - +1 pair of gloves
rMut   .         Stasis   .     (boots unavailable)
MR     +....                    E - amulet of clarity
Stlth  +.........               M - +4 ring of intelligence
                                n - +4 ring of intelligence

@: lethally poisoned (-10 -> -18), heroism, flying quickly and evasively, quick,
somewhat resistant to hostile enchantments, very unstealthy
A: beak, talons 3, able to fly 2
a: Stop Flying, Heroism, Finesse, Renounce Religion


You were on level 7 of the Lair of Beasts.
You worshipped Okawaru.
Okawaru was exalted by your worship.
You were hungry.

You visited 2 branches of the dungeon, and saw 17 of its levels.
You also visited: Volcano.

You collected 1134 gold pieces.

Inventory:

Hand Weapons
 a - a +4 flail of freezing (weapon)
 p - a +2 antimagic morningstar
Missiles
 t - a throwing net
 N - 8 javelins
 V - a silver javelin (quivered)
Armour
 c - a +1 pair of gloves (worn)
 h - the +6 chain mail of Libbis (worn) {Regen+ Dex+7}
   (You found it on level 4 of the Lair of Beasts)

   It affects your dexterity (+7).
   It increases your rate of regeneration.
 r - a +0 cloak (worn)
 O - a +2 hat (worn)
 U - a +0 buckler (worn)
Jewellery
 d - an uncursed amulet of resist mutation
 n - a +4 ring of intelligence (left hand)
 q - an uncursed ring of see invisible
 w - an uncursed ring of ice
 E - an amulet of clarity (around neck)
 M - a +4 ring of intelligence (right hand)
Wands
 f - a wand of paralysis (13)
 v - a wand of teleportation (5)
 W - a wand of cold (8)
Scrolls
 g - 9 scrolls of remove curse
 j - 2 scrolls of fog {unknown}
 k - 2 scrolls of amnesia
 o - a scroll of summoning {unknown}
 x - 2 scrolls of torment {unknown}
 y - a scroll of teleportation
 D - a scroll of fear
 F - a scroll of recharging {unknown}
 G - a scroll of enchant weapon
 H - 4 scrolls of enchant armour
 J - a scroll of magic mapping
 L - 2 scrolls of identify
 S - 2 scrolls of blinking
 T - 3 scrolls of noise {unknown}
Potions
 b - a potion of cancellation {unknown}
 i - a potion of agility
 l - 4 potions of might
 m - 5 potions of curing
 u - a potion of beneficial mutation {unknown}
 z - a potion of cure mutation {unknown}
 A - 2 potions of flight {unknown}
 I - 3 potions of lignification
 K - a potion of haste {unknown}
 Q - a potion of brilliance {unknown}
 R - a potion of heal wounds
 X - a potion of magic {unknown}
 Y - a potion of berserk rage {unknown}
Books
 B - a book of Annihilations

   Spells                             Type                      Level
   a - Poison Arrow                   Conjuration/Poison           6
   b - Chain Lightning                Conjuration/Air              8
   c - Lehudib's Crystal Spear        Conjuration/Earth            8
   d - Glaciate                       Conjuration/Ice              9
   e - Fire Storm                     Conjuration/Fire             9
 C - a book of the Sky

   Spells                             Type                      Level
   a - Summon Lightning Spire         Summoning/Air                4
   b - Airstrike                      Air                          4
   c - Silence                        Hexes/Air                    5
   d - Deflect Missiles               Charms/Air                   6
   e - Conjure Ball Lightning         Conjuration/Air              6
   f - Tornado                        Air                          9
Comestibles
 e - 9 bread rations
 s - 20 chunks of flesh
 P - 4 meat rations


   Skills:
 + Level 12.5(17.5) Fighting
   Level 0.2(5.2) Short Blades
 - Level 18.0(23.0) Maces & Flails
 - Level 2.0(7.0) Throwing
 + Level 10.1(15.1) Armour
 - Level 13.5(18.5) Dodging
 + Level 2.2(7.2) Shields
 - Level 1.0 Spellcasting
   Level 2.2 Hexes
 + Level 2.2 Invocations


You had 9 spell levels left.
You knew the following spells:

 Your Spells              Type           Power        Failure   Level  Hunger
h - Haste                 Chrm           #.......     100%        6    #######


Dungeon Overview and Level Annotations

Branches:
Dungeon (10/15)            Temple (0/1) D:5            Lair (7/8) D:8
 Shoals (0/4) Lair:5       Spider (0/4) Lair:3          Orc (0/4) D:9
  Slime: Lair:6-8

Altars:
Ashenzari
Dithmenos
Makhleb
Okawaru
Ru
Sif Muna
Trog
Xom
Yredelemnul
Zin

Shops:
D:4 *


Innate Abilities, Weirdness & Mutations

You have a beak for a mouth.
You have claws for feet.
You can fly continuously.


Message History

You block the spriggan rider's attack. The spiny frog completely misses you.
You barely miss the spiny frog.
You claw the spiny frog, but do no damage.
The spiny frog is heavily wounded.
You block the spriggan rider's attack.
You hit the spiny frog but do no damage.
Your kick misses the spiny frog.
You peck the spiny frog, but do no damage.
The spiny frog is heavily wounded.
The spiny frog closely misses you.
You barely miss the spiny frog.
You claw the spiny frog, but do no damage.
You peck the spiny frog.
The spiny frog is heavily wounded.
The spiny frog stings you!!
* * * LOW HITPOINT WARNING * * *
You are lethally poisoned!
The spiny frog poisons you!
The spriggan rider hits you from afar with a spear!
You die...

######## ♣♣♣♣♣♣ ♣♣♣..†.♣♣
♣♣♣♣♣♣ ♣♣
♣♣♣..♣♣♣..♣♣♣♣♣♣♣....♣♣♣♣♣♣♣.
♣♣♣Fi♣♣♣
♣.F).))....♣♣...♣♣....
♣♣).♣♣♣
♣♣i..♣♣♣♣♣♣♣♣♣♣♣)..♣♣♣ ♣.♣♣♣
♣♣♣♣...♣ ♣♣♣♣♣ ♣.♣♣
♣♣.÷...♣♣♣♣ ♣. ♣♣.♣♣♣♣iF@.♣♣♣
.i ♣.♣♣ ♣♣♣♣...♣♣♣ .♣ ♣.♣♣
♣♣....♣♣♣♣ . ♣..♣♣
♣♣♣...).♣♣♣ ♣ ♣♣♣.♣ ♣♣♣♣....♣
♣♣.♣♣♣ ♣♣♣..♣♣ ♣....♣♣ ♣♣..♣
♣...♣♣÷)♣ ♣♣♣♣..♣♣ ♣.♣♣ ♣)♣♣
♣....♣♣


You could see a spriggan rider and a spiny frog (frenzied).

Vanquished Creatures
  Gastronok (Lair:3)
  Josephine (Lair:7)
  Fannar (Lair:3)
  3 hydras
  A catoblepas (Lair:4)
  16 death yaks
  A fire crab (Lair:7)
  A manticore (Lair:5)
  A griffon (Lair:5)
  5 elephants
  2 gargoyles (Volcano)
  Joseph (D:9)
  9 spiny frogs
  3 molten gargoyles (Volcano)
  3 black mambas
  3 komodo dragons
  3 fire drakes
  A merfolk (D:10)
  3 spriggan druids (Lair:7)
  A troll (D:10)
  A two-headed ogre (D:9)
  Prince Ribbit (D:9)
  21 blink frogs
  2 wyverns (D:9)
  10 spriggans (Lair:7)
  3 wraiths (Lair:7)
  A fire elemental (Volcano)
  27 yaks
  4 basilisks
  12 hippogriffs
  3 steam dragons
  15 wolves
  A mottled dragon (Lair:4)
  A hungry ghost (D:7)
  12 water moccasins
  A swamp drake (Lair:4)
  3 orc warriors
  22 porcupines
  2 phantoms
  A wasp (Lair:7)
  3 ice beasts
  2 black bears
  2 centaurs
  5 ogres
  The ghost of Acur the Skirmisher, an amateur OpFi (D:4)
  A necrophage (D:7)
  A big kobold (D:10)
  12 crocodiles
  15 giant frogs
  2 earth elementals (Volcano)
  3 scorpions
  6 killer bees
  7 wights
  4 electric eels
  3 lava snakes (Volcano)
  A centaur zombie (D:8)
  A crimson imp (D:10)
  2 giant frog skeletons
  4 jellies
  Ijyb (D:2)
  4 centaur skeletons
  2 gnoll shamans
  7 hounds
  5 orc priests
  7 orc wizards
  2 quasits
  6 worker ants
  8 iguanas
  A killer bee zombie (D:9)
  9 sheep
  A hound zombie (D:7)
  A hound skeleton (D:8)
  3 worker ant zombies
  16 gnolls
  77 river rats
  12 adders
  3 shadow imps
  2 oozes
  An adder zombie (D:7)
  6 worms
  4 giant geckos
  23 orcs
  5 giant cockroaches
  2 hobgoblins (D:1)
  21 jackals
  3 quokkas
  10 bats
  7 giant newts
  14 goblins
  2 jackal skeletons (D:8)
  A jackal zombie (D:7)
  13 kobolds
  A quokka skeleton (D:5)
  8 rats
  2 bushes (D:10)
  5 fungi
573 creatures vanquished.

Vanquished Creatures (others)
  An elephant (Lair:4)
  A jelly (D:6)
  A bush (D:10)
  11 fungi
  8 plants
22 creatures vanquished.

Grand Total: 595 creatures vanquished

Notes
Turn   | Place    | Note
--------------------------------------------------------------
     0 | D:1      | Kramin the Tengu Arcane Marksman began the quest for the Orb.
     0 | D:1      | Reached XP level 1. HP: 12/12 MP: 3/3
   175 | D:1      | Reached XP level 2. HP: 14/16 MP: 2/4
   397 | D:1      | Reached skill level 1 in Maces & Flails
   994 | D:2      | Reached XP level 3. HP: 7/20 MP: 5/5
  1512 | D:2      | Reached skill level 3 in Dodging
  1626 | D:2      | Noticed Ijyb
  1637 | D:2      | Killed Ijyb
  1637 | D:2      | Reached XP level 4. HP: 21/26 MP: 6/6
  1805 | D:2      | Found a burning altar of Makhleb.
  2079 | D:2      | Gained mutation: You can fly. [Tengu growth]
  2079 | D:2      | Reached XP level 5. HP: 20/31 MP: 7/7
  3324 | D:3      | Found a deep blue altar of Sif Muna.
  3345 | D:3      | Identified Sif Muna's Collected Works on the Voyage (You found it on level 3 of the Dungeon)
  3354 | D:3      | Reached skill level 4 in Maces & Flails
  3354 | D:3      | Reached XP level 6. HP: 26/37 MP: 6/8
  3787 | D:4      | Found an iron altar of Okawaru.
  3791 | D:4      | Became a worshipper of Warmaster Okawaru
  4159 | D:4      | Reached skill level 5 in Maces & Flails
  4159 | D:4      | Reached XP level 7. HP: 39/41 MP: 9/9
  4511 | D:4      | Noticed Acur's ghost (amateur OpFi)
  4549 | D:5      | Entered Level 5 of the Dungeon
  4932 | D:4      | Found Sokuceup's Elemental Accessories.
  5028 | D:4      | Reached skill level 5 in Dodging
  5357 | D:4      | Killed Acur's ghost
  5357 | D:4      | Reached skill level 6 in Maces & Flails
  5582 | D:4      | Reached * piety under Okawaru
  5814 | D:5      | Found a shadowy altar of Dithmenos.
  5839 | D:5      | Reached XP level 8. HP: 48/48 MP: 10/10
  6121 | D:5      | Reached skill level 7 in Maces & Flails
  6381 | D:5      | Found a glowing silver altar of Zin.
  6465 | D:5      | Found a staircase to the Ecumenical Temple.
  7279 | D:5      | Reached skill level 8 in Maces & Flails
  7290 | D:5      | Reached skill level 5 in Fighting
  7511 | D:5      | Reached ** piety under Okawaru
  7911 | D:6      | Reached XP level 9. HP: 54/54 MP: 11/11
  8415 | D:6      | Found a shadowy altar of Dithmenos.
  8878 | D:7      | Reached skill level 9 in Maces & Flails
  9000 | D:7      | Got a faintly glowing short sword
  9001 | D:7      | Identified the +1 short sword "Ledynn Kavu" {drain, -Tele rElec MP+9 Str+6} (You found it on level 7 of the Dungeon)
  9552 | D:8      | Noticed an elephant
  9580 | D:8      | Killed an elephant
  9597 | D:8      | Found a staircase to the Lair.
  9629 | D:8      | Reached *** piety under Okawaru
  9629 | D:8      | Reached skill level 10 in Maces & Flails
 10417 | D:8      | Found a shimmering altar of Xom.
 10541 | D:9      | Reached XP level 10. HP: 61/61 MP: 12/12
 10855 | D:9      | Noticed Joseph
 10894 | D:9      | Killed Joseph
 10894 | D:9      | Reached skill level 11 in Maces & Flails
 11092 | D:9      | Found a staircase to the Orcish Mines.
 11164 | D:9      | Reached **** piety under Okawaru
 11230 | D:9      | Noticed Prince Ribbit
 12014 | D:9      | Killed Prince Ribbit
 12023 | D:9      | HP: 2/64 [orc warrior/scimitar (13)]
 12192 | D:9      | Found a sacrificial altar of Ru.
 12286 | D:9      | Found a shadowy altar of Dithmenos.
 12286 | D:9      | Found a shattered altar of Ashenzari.
 12287 | D:9      | Found a bloodstained altar of Trog.
 12365 | D:10     | Entered Level 10 of the Dungeon
 12874 | D:10     | Reached skill level 12 in Maces & Flails
 13704 | D:10     | Reached XP level 11. HP: 30/69 MP: 13/13
 14445 | Lair:1   | Entered Level 1 of the Lair of Beasts
 14634 | Lair:1   | Received a gift from Okawaru
 14655 | Lair:1   | Reached skill level 13 in Maces & Flails
 14670 | Lair:1   | HP: 3/69 [komodo dragon (22)]
 15208 | Lair:1   | Got a heavy robe
 15817 | Lair:1   | Reached ***** piety under Okawaru
 15965 | Lair:1   | Received a gift from Okawaru
 16022 | Lair:1   | Reached skill level 10 in Dodging
 16367 | Lair:1   | Reached skill level 14 in Maces & Flails
 16487 | Lair:2   | Reached skill level 1 in Armour
 16532 | Lair:2   | Found a basalt altar of Yredelemnul.
 16557 | Lair:2   | Found a dark tunnel.
 16566 | Volcano  | Entered a volcano
 16923 | Volcano  | Found a burning altar of Makhleb.
 17752 | Lair:2   | Received a gift from Okawaru
 18193 | Lair:2   | Reached XP level 12. HP: 73/76 MP: 14/14
 18805 | Lair:2   | Reached skill level 15 in Maces & Flails
 19015 | Lair:3   | Noticed Fannar
 19198 | Lair:3   | Killed Fannar
 19292 | Lair:3   | Noticed Gastronok
 19690 | Lair:3   | Reached skill level 10 in Fighting
 19782 | Lair:3   | Killed Gastronok
 19782 | Lair:3   | Reached skill level 5 in Armour
 19797 | Lair:3   | Found a hole to the Spider Nest.
 19819 | Lair:3   | Received a gift from Okawaru
 19860 | Lair:3   | You are sucked into a shaft for 3 floors!
 20415 | Lair:6   | Received a gift from Okawaru
 20682 | Lair:6   | Reached skill level 16 in Maces & Flails
 20892 | Lair:6   | Received a gift from Okawaru
 21379 | Lair:6   | Noticed a death yak
 21411 | Lair:6   | Killed a death yak
 21784 | Lair:6   | Reached XP level 13. HP: 77/84 MP: 15/15
 21811 | Lair:6   | Noticed a death yak
 21811 | Lair:6   | Noticed a death yak
 21812 | Lair:6   | Noticed a death yak
 21863 | Lair:6   | Killed a death yak
 22204 | Lair:6   | Killed a death yak
 22220 | Lair:6   | Killed a death yak
 22270 | Lair:6   | Learned a level 6 spell: Haste
 22347 | Lair:6   | Noticed a death yak
 22347 | Lair:6   | Noticed a death yak
 22348 | Lair:6   | Noticed a death yak
 22371 | Lair:6   | Killed a death yak
 22373 | Lair:6   | Noticed a death yak
 22375 | Lair:6   | Noticed a death yak
 22380 | Lair:6   | Noticed a death yak
 22738 | Lair:5   | Found a staircase to the Shoals.
 22787 | Lair:5   | Reached skill level 17 in Maces & Flails
 25142 | Lair:5   | Received a gift from Okawaru
 25864 | Lair:3   | Reached ****** piety under Okawaru
 25896 | Lair:3   | Noticed a six-headed hydra
 25907 | Lair:3   | Killed a six-headed hydra
 26280 | Lair:3   | Gained mutation: You can fly continuously. [Tengu growth]
 26280 | Lair:3   | Reached XP level 14. HP: 21/91 MP: 10/16
 26305 | Lair:3   | HP: 2/91 [death yak (16)]
 27336 | Lair:4   | Got a polished chain mail
 27347 | Lair:4   | Identified the +6 chain mail of Libbis {Regen+ Dex+7} (You found it on level 4 of the Lair of Beasts)
 27385 | Lair:5   | Killed a death yak
 27396 | Lair:6   | Killed a death yak
 27424 | Lair:6   | Killed a death yak
 27546 | Lair:6   | Killed a death yak
 27859 | Lair:6   | Killed a death yak
 27877 | Lair:7   | Reached skill level 18 in Maces & Flails
 28399 | Lair:7   | Noticed Josephine
 28431 | Lair:7   | Killed Josephine
 28431 | Lair:7   | Reached skill level 1 in Invocations
 28447 | Lair:7   | Reached skill level 1 in Shields
 28581 | Lair:7   | Reached skill level 10 in Armour
 28768 | Lair:7   | HP: 3/92 [spiny frog (25)]
 28768 | Lair:7   | Mangled by a spriggan rider

Action                   |  1- 3 |  4- 6 |  7- 9 | 10-12 | 13-15 || total
-------------------------+-------+-------+-------+-------+-------++-------
Melee: Whip              |    82 |   180 |   606 |    80 |       ||   948
       Dagger            |     5 |       |       |       |       ||     5
       Unarmed           |     3 |       |       |       |       ||     3
       Flail             |       |       |       |   863 |   961 ||  1824
       Morningstar       |       |       |       |    27 |       ||    27
 Fire: Blowgun           |       |       |     5 |    16 |       ||    21
Throw: Stone             |    11 |     3 |     7 |    14 |       ||    35
       Javelin           |     2 |       |     5 |    19 |     2 ||    28
       Throwing net      |     1 |       |     2 |     1 |       ||     4
 Cast: Corona            |     5 |       |       |       |       ||     5
Invok: Heroism           |       |       |     1 |    11 |    10 ||    22
       Finesse           |       |       |       |       |     1 ||     1
 Abil: Fly               |       |     2 |     8 |    19 |    13 ||    42
Evoke: Wand              |       |       |     3 |     3 |     2 ||     8
  Use: Potion            |       |       |     1 |    11 |     2 ||    14
       Scroll            |       |       |     5 |    12 |     4 ||    21
 Stab: Sleeping          |     1 |       |     1 |       |       ||     2
       Held in net/web   |       |       |     1 |     2 |       ||     3
       Paralysed         |       |       |       |     2 |       ||     2
  Eat: Chunk             |     3 |     6 |    17 |    31 |    12 ||    69
       Pizza             |       |     1 |       |     1 |     1 ||     3
       Royal jelly       |       |       |     3 |     1 |       ||     4
       Meat ration       |       |       |     1 |     1 |     2 ||     4
       Fruit             |       |       |       |       |     2 ||     2
